 Dungeon Crawl Stone Soup version 0.28-a0-60-g54b5640690 (webtiles) character file.

Game seed: 17357616289935480892

1157 Spaninq the Fighter (level 8, -5/71 HPs)
             Began as a Gnoll Wanderer on July 29, 2021.
             Was a Priest of Qazlal.
             Slain by an ogre (29 damage)
             ... on level 5 of the Dungeon on July 30, 2021.
             The game lasted 00:20:15 (4848 turns).

Spaninq the Fighter (Gnoll Wanderer)                Turns: 4848, Time: 00:20:15

Health: -5/71      AC:  9    Str: 11    XL:     8   Next: 39%
Magic:  12/12      EV:  9    Int: 13    God:    Qazlal [***...]
Gold:   167        SH:  3    Dex: 13    Spells: 13/13 levels left

rFire   . . .      SeeInvis +   j - +0 whip
rCold   . . .      Faith    .   (no shield)
rNeg    . . .      Spirit   .   b - +2 scale mail
rPois   .          Reflect  .   (no helmet)
rElec   .          Harm     .   (no cloak)
rCorr   .          Rampage  .   (no gloves)
Will    .....                   (no boots)
Stlth   +.........              (no amulet)
HPRegen 0.21/turn               o - ring of see invisible
MPRegen 0.13/turn               (no ring)

@: no status effects
A: fangs 1, strong nose, distributed training
a: Renounce Religion, Upheaval, Elemental Force


You were on level 5 of the Dungeon.
You worshipped Qazlal.
Qazlal was most pleased with you.
You visited 2 branches of the dungeon, and saw 6 of its levels.

You collected 167 gold pieces.

Inventory:

Hand Weapons
 a - a +0 hand crossbow
 j - a +0 whip (weapon)
Missiles
 c - 31 bolts
Armour
 b - a +2 scale mail (worn)
Jewellery
 o - a ring of see invisible (left hand)
Wands
 v - a wand of flame (12)
 y - a wand of iceblast (6)
Scrolls
 e - a scroll of silence {unknown}
 f - a scroll of brand weapon {unknown}
 g - a scroll of noise {unknown}
 h - a scroll of summoning {unknown}
 k - 2 scrolls of immolation {unknown}
 l - 6 scrolls of identify {unknown}
 m - a scroll of enchant weapon {unknown}
 p - 2 scrolls of magic mapping {unknown}
 r - 2 scrolls of enchant armour {unknown}
 s - a scroll of torment {unknown}
 w - 4 scrolls of teleportation {unknown}
 z - 2 scrolls of vulnerability {unknown}
Potions
 i - 2 potions of brilliance {unknown}
 n - 3 potions of cancellation {unknown}
 q - a potion of resistance {unknown}
 u - a potion of flight {unknown}
 x - a potion of attraction {unknown}
 A - a potion of haste {unknown}


   Skills:
 + Level 9.1 Fighting
 + Level 3.2 Short Blades
 + Level 3.2 Long Blades
 + Level 3.2 Axes
 + Level 3.2 Maces & Flails
 + Level 3.2 Polearms
 + Level 3.2 Staves
 + Level 3.2 Slings
 + Level 3.2 Bows
 + Level 5.6 Crossbows
 + Level 3.2 Throwing
 + Level 5.6 Armour
 + Level 3.2 Dodging
 + Level 4.0 Stealth
 + Level 4.2 Shields
 + Level 3.2 Unarmed Combat
 + Level 3.2 Spellcasting
 + Level 2.6 Conjurations
 + Level 2.6 Hexes
 + Level 2.6 Summonings
 + Level 2.6 Necromancy
 + Level 2.6 Translocations
 + Level 2.6 Transmutations
 + Level 2.6 Fire Magic
 + Level 2.6 Ice Magic
 + Level 2.6 Air Magic
 + Level 2.6 Earth Magic
 + Level 2.6 Poison Magic
 + Level 3.5 Invocations
 + Level 3.2 Evocations


You had 13 spell levels left.
You didn't know any spells.
Your spell library contained the following spells:

 Spells                   Type           Power      Damage    Failure   Level
 Ensorcelled Hibernation  Hex/Ice        16%        N/A       50%         2
 Spider Form              Tmut/Pois      4%         N/A       75%         3
 Shadow Creatures         Summ           N/A        N/A       100%        6


Dungeon Overview and Level Annotations

Branches:
Dungeon (5/15)             Temple (1/1) D:5

Altars:
Ashenzari
Dithmenos
Elyvilon
Fedhas
Gozag
Hepliaklqana
Makhleb
Nemelex Xobeh
Okawaru
Qazlal
Ru
Sif Muna
Trog
Vehumet
Wu Jian
Xom
Yredelemnul
Zin


Innate Abilities, Weirdness & Mutations

You have very sharp teeth.
Your uncanny sense of smell can sniff out nearby items.
Your experience applies equally to all skills.


Message History

The hound bites you. The hound bites you.
There is an open door here.
The hound bites you but does no damage.
You hit the hound.
The hound is lightly wounded.
You block the hound's attack.
You closely miss the hound.
The hound is lightly wounded.
The hound barely misses you. You block the hound's attack.
You hit the hound.
The hound is moderately wounded.
The hound bites you but does no damage.
You hit the hound but do no damage.
The hound is moderately wounded.
The hound barely misses you.
You hit the hound.
The hound is severely wounded.
You block the hound's attack. The hound closely misses you.
You closely miss the hound.
The hound is severely wounded.
The hound bites you but does no damage.
You barely miss the hound.
The hound is severely wounded.
The hound bites you. x2
You hit the hound.
The hound is severely wounded.
The hound barely misses you.
You hit the hound.
You kill the hound!
Qazlal accepts your kill.
You can now give life to nearby clouds.
You hit the ogre. You bite the ogre, but do no damage.
The ogre is heavily wounded.
The ogre barely misses you.
You hit the ogre.
The ogre is severely wounded.
You barely miss the ogre.
The ogre is severely wounded.
The ogre hits you with a +0 giant club!!
You die...

###. #.##....### #... .#
#.##......####...
#.####........... #.#
#........... ∆ #.#
#.......#### #.#
#.......#... #.#
###.....'..8
###O######...###...
#.@.....##...# ##.#
#.......###.## #...
########.......# #.# #...
#..............# #.# #.8.
#.######.......###.# ####
#.#................#
#.#.######################
#.#.########..............
#.#.).....<#.#############


You could see an ogre.

Vanquished Creatures
  Grinder (D:3)
  Sigmund (D:3)
  A necrophage (D:5)
  A centaur (D:5)
  3 scorpions
  3 hounds
  2 jellies (D:4)
  An orc priest (D:5)
  Jessica (D:2)
  A centaur skeleton (D:5)
  An orc wizard (D:3)
  3 hound skeletons (D:4)
  6 adders
  A shadow imp (D:5)
  2 white imps (D:5)
  2 ufetubi
  A worm (D:2)
  5 dart slugs
  9 orcs
  3 ball pythons
  3 endoplasms (D:1)
  6 giant cockroaches
  3 goblins
  8 hobgoblins
  8 jackals
  5 kobolds
  3 quokkas
  3 bats
  2 frilled lizards
  4 rats
93 creatures vanquished.

Notes
Turn   | Place    | Note
-------+----------+-------------------------------------------
     0 | D:1      | Spaninq the Gnoll Wanderer began the quest for the Orb.
     0 | D:1      | Spaninq set off with the following items: a +0 hand
                  | crossbow, a +2 scale mail, 25 bolts, a potion of
                  | lignification
     0 | D:1      | Reached XP level 1. HP: 26/26 MP: 1/1
   139 | D:1      | Reached XP level 2. HP: 33/33 MP: 2/2
   492 | D:1      | Found a faded altar of an unknown god.
   504 | D:1      | Became a worshipper of Qazlal Stormbringer
   504 | D:1      | Reached * piety under Qazlal
   784 | D:2      | Reached XP level 3. HP: 19/38 MP: 3/3
  1077 | D:2      | Noticed Jessica
  1081 | D:2      | Killed Jessica
  1082 | D:2      | Reached skill level 1 in Short Blades
  1082 | D:2      | Reached skill level 1 in Long Blades
  1082 | D:2      | Reached skill level 1 in Axes
  1082 | D:2      | Reached skill level 1 in Maces & Flails
  1082 | D:2      | Reached skill level 1 in Polearms
  1082 | D:2      | Reached skill level 1 in Staves
  1082 | D:2      | Reached skill level 1 in Slings
  1082 | D:2      | Reached skill level 1 in Bows
  1082 | D:2      | Reached skill level 1 in Throwing
  1082 | D:2      | Reached skill level 1 in Dodging
  1082 | D:2      | Reached skill level 1 in Unarmed Combat
  1082 | D:2      | Reached skill level 1 in Spellcasting
  1082 | D:2      | Reached skill level 1 in Invocations
  1082 | D:2      | Reached skill level 1 in Evocations
  1082 | D:2      | Reached XP level 4. HP: 45/45 MP: 5/5
  1236 | D:2      | Found a broken altar of Ashenzari.
  1305 | D:3      | Reached ** piety under Qazlal
  1370 | D:3      | Noticed Grinder
  1386 | D:3      | Paralysed by Grinder for 2 turns
  1391 | D:3      | Killed Grinder
  1392 | D:3      | Reached skill level 1 in Conjurations
  1392 | D:3      | Reached skill level 1 in Hexes
  1392 | D:3      | Reached skill level 1 in Summonings
  1392 | D:3      | Reached skill level 1 in Necromancy
  1392 | D:3      | Reached skill level 1 in Translocations
  1392 | D:3      | Reached skill level 1 in Transmutations
  1392 | D:3      | Reached skill level 1 in Fire Magic
  1392 | D:3      | Reached skill level 1 in Ice Magic
  1392 | D:3      | Reached skill level 1 in Air Magic
  1392 | D:3      | Reached skill level 1 in Earth Magic
  1392 | D:3      | Reached skill level 1 in Poison Magic
  1392 | D:3      | Reached XP level 5. HP: 29/51 MP: 5/7
  1392 | D:3      | Reached XP level 6. HP: 32/57 MP: 5/8
  1564 | D:3      | Reached skill level 5 in Crossbows
  1564 | D:3      | Reached skill level 5 in Armour
  1692 | D:3      | Noticed Sigmund
  1957 | D:3      | Killed Sigmund
  1958 | D:3      | Reached XP level 7. HP: 43/63 MP: 10/10
  2151 | D:4      | Upgraded the game from 0.28-a0-48-gfd831c5874 to
                  | 0.28-a0-60-g54b5640690
  2870 | D:4      | Reached skill level 9 in Fighting
  3192 | D:5      | Entered Level 5 of the Dungeon
  3519 | D:5      | Reached XP level 8. HP: 65/71 MP: 12/12
  3626 | D:5      | Found a staircase to the Ecumenical Temple.
  3653 | Temple   | Entered the Ecumenical Temple
  4799 | D:5      | Found an ornate altar of the Wu Jian Council.
  4845 | D:5      | Reached *** piety under Qazlal
  4848 | D:5      | Slain by an ogre

Illustrated notes

Levels and vault maps discovered:
D:1:      lemuel_arrival_broad_hall, layout_basic,
          ebering_ecumenical_altar_sacrificial, minmay_misc_feat_four_crosses,
          minmay_misc_feat_plants
D:2:      layout_rooms, basic_altar, kennysheep_generic_room_14, uniq_jessica
D:3:      layout_rooms, uniq_grinder, uniq_sigmund
D:4:      layout_loops_corners, kennysheep_generic_room_13
D:5:      layout_basic, nicolae_wu_jian_immortal_techniques,
          minmay_temple_entry_junction_2
Temple:   compressed_dpeg_circular_temple

Skill      XL: |  1  2  3  4  5  6  7  8 |
---------------+-------------------------+-----
Short Blades   | 1 2 3 |  3.2
Long Blades    | 1 2 3 |  3.2
Axes           | 1 2 3 |  3.2
Maces & Flails | 1 2 3 |  3.2
Polearms       | 1 2 3 |  3.2
Staves         | 1 2 3 |  3.2
Slings         | 1 2 3 |  3.2
Bows           | 1 2 3 |  3.2
Throwing       | 1 2 3 |  3.2
Dodging        | 1 2 3 |  3.2
Unarmed Combat | 1 2 3 |  3.2
Spellcasting   | 1 2 3 |  3.2
Invocations    | 1 2 3 |  3.5
Evocations     | 1 2 3 |  3.2
Stealth        | 3 4 |  4.0
Shields        | 3 4 |  4.2
Conjurations   | 1 2 |  2.6
Hexes          | 1 2 |  2.6
Summonings     | 1 2 |  2.6
Necromancy     | 1 2 |  2.6
Translocations | 1 2 |  2.6
Transmutations | 1 2 |  2.6
Fire Magic     | 1 2 |  2.6
Ice Magic      | 1 2 |  2.6
Air Magic      | 1 2 |  2.6
Earth Magic    | 1 2 |  2.6
Poison Magic   | 1 2 |  2.6
Crossbows      | 5 |  5.6
Armour         | 5 |  5.6
Fighting       | 9 |  9.1

Action                   |  1- 3 |  4- 6 |  7- 9 || total
-------------------------+-------+-------+-------++-------
Melee: Whip              |    56 |    25 |   192 ||   273
       Bite              |     5 |     2 |    20 ||    27
       Punch             |       |       |     3 ||     3
 Fire: Hand crossbow     |    45 |    56 |    67 ||   168
  Use: Potion            |       |       |     3 ||     3
Armor: Scale mail        |    53 |    23 |    88 ||   164
       Skin              |       |       |     5 ||     5
Dodge: Dodged            |    31 |    19 |    97 ||   147
Block: Other             |     3 |     2 |    28 ||    33

Table legend: (Time is in decaauts)
 A = Elapsed time spent in this place.
 B = Non-inter-level travel time spent in this place.
 C = Inter-level travel time spent in this place.
 D = Time resting spent in this place.
 E = Time spent auto-exploring this place.
 F = Levels seen in this place.
 G = Mean time per level.
                   A        B        C        D        E       F      G
               +--------+--------+--------+--------+--------+-----+--------+
         Total |   4860 |   4800 |     60 |   1071 |   2480 |   6 |  810.0 |
       Dungeon |   4637 |   4614 |     23 |   1071 |   2296 |   5 |  927.4 |
        Temple |    222 |    185 |     37 |      0 |    184 |   1 |  222.0 |
               +--------+--------+--------+--------+--------+-----+--------+

Top non-repeatable levels by time:
     D:5: 1428 daAuts
     D:4: 1125 daAuts
     D:1: 758 daAuts
     D:3: 665 daAuts
     D:2: 658 daAuts
  Temple: 222 daAuts
